 Dungeon Crawl Stone Soup version 0.30-a0-726-gd89dcf765f (webtiles) character file.

Game seed: 4114670645255237273

5184 hbarley the Cleaver (level 10, 0/77 HPs)
             Began as a Demonspawn Fighter on Jan 29, 2023.
             Slain by a warg (8 damage)
             ... on level 8 of the Dungeon.
             The game lasted 00:27:44 (8558 turns).

hbarley the Cleaver (Demonspawn Fighter)            Turns: 8558, Time: 00:27:45

Health: 0/77       AC: 15    Str: 20    XL:     10   Next: 34%
Magic:  10/10      EV:  8    Int: 13    God:
Gold:   455        SH: 10    Dex: 14    Spells: 9/9 levels left

rFire   + . .      SeeInvis .    K - +1 hand axe
rCold   . . .      Faith    .    c - +0 buckler
rNeg    + . .      Spirit   .    y - +0 chain mail {rF+}
rPois   .          Reflect  +    C - +2 hat
rElec   .          Harm     .    u - +1 cloak
rCorr   .          Rampage  .    (no gloves)
Will    .....                    r - +0 pair of boots Stlth
                                 n - amulet of reflection
HPRegen 0.32/turn                m - ring of positive energy
MPRegen 0.12/turn                (no ring)

@: no status effects
A: ignite blood 1, powered by pain 2, big brain 2
a: no special abilities


You were on level 8 of the Dungeon.
You visited 1 branch of the dungeon, and saw 9 of its levels.

You collected 455 gold pieces.

Inventory:

Hand Weapons
 a - a +0 war axe
 D - the +3 dagger of the Grand God {heavy, rCorr Str+3 Dex-4}
   (You found it on level 6 of the Dungeon)

   Str:       It affects your strength (+3).
   Dex:       It affects your dexterity (-4).
   rCorr:     It protects you from acid and corrosion.
 I - a +0 antimagic halberd
 K - a +1 hand axe (weapon)
Armour
 b - a +0 scale mail
 c - a +0 buckler (worn)
 h - a scarf of resistance
 o - a +0 kite shield
 p - a +0 troll leather armour
 r - a +0 pair of boots (worn)
 u - a +1 cloak (worn)
 y - a +0 chain mail of fire resistance (worn)
 C - a +2 hat (worn)
Jewellery
 m - a ring of positive energy (left hand)
 n - an amulet of reflection (around neck)
Wands
 B - a wand of roots (12)
 H - a wand of flame (13)
Scrolls
 e - 6 scrolls of identify {unknown}
 g - a scroll of enchant weapon {unknown}
 i - a scroll of vulnerability {unknown}
 j - a scroll of fear {unknown}
 k - 4 scrolls of enchant armour {unknown}
 l - 2 scrolls of teleportation {unknown}
 q - 5 scrolls of poison {unknown}
 t - 2 scrolls of noise {unknown}
 x - a scroll of magic mapping {unknown}
 E - 2 scrolls of amnesia {unknown}
 G - a scroll of blinking {unknown}
Potions
 d - a potion of brilliance
 f - a potion of cancellation
 s - a potion of flight {unknown}
 v - a potion of degeneration {unknown}
 w - a potion of berserk rage {unknown}
 z - a potion of resistance
 A - a potion of magic {unknown}
 F - 2 potions of mutation {unknown}


   Skills:
 + Level 6.8 Fighting
 + Level 9.6 Axes
 + Level 6.5 Armour
 + Level 2.8 Dodging
 + Level 1.0 Stealth
 + Level 6.3 Shields
 + Level 0.1 Evocations


You had 9 spell levels left.
You didn't know any spells.
Your spell library contained the following spells:

 Spells                   Type           Power      Damage    Failure   Level
 Blink                    Tloc           0%         N/A       99%         2
 Call Canine Familiar     Summ           0%         N/A       100%        3
 Portal Projectile        Hex/Tloc       0%         N/A       100%        3
 Tukima's Dance           Hex            0%         N/A       100%        3
 Leda's Liquefaction      Hex/Erth       0%         N/A       100%        4
 Manifold Assault         Tloc           0%         N/A       100%        4
 Passage of Golubria      Tloc           0%         N/A       100%        4
 Blade Hands              Tmut           0%         N/A       100%        5
 Silence                  Hex/Air        0%         N/A       100%        5
 Summon Forest            Summ/Tloc      0%         N/A       100%        5
 Summon Mana Viper        Hex/Summ       0%         N/A       100%        5
 Yara's Violent Unravell  Hex/Tmut       0%         3d3       100%        5
 Dispersal                Tloc           0%         N/A       100%        6
 Summon Cactus Giant      Summ           0%         N/A       100%        6
 Storm Form               Tmut/Air       0%         N/A       100%        7
 Disjunction              Tloc           0%         N/A       100%        8
 Lehudib's Crystal Spear  Conj/Erth      0%         10d2      100%        8


Dungeon Overview and Level Annotations

Branches:
Dungeon (9/15)             Temple (0/1) D:4
   Lair: D:8-11         Orc: D:9-12

Altars:
Ashenzari
Fedhas
Gozag
Hepliaklqana
Kikubaaqudgha
Makhleb
Nemelex Xobeh
Okawaru
Qazlal
Sif Muna
Uskayaw
Xom
Yredelemnul

Shops:
D:4 *   D:7 :


Innate Abilities, Weirdness & Mutations

Your demonic aura sometimes causes spilled blood to erupt in flames.
You sometimes gain power by taking damage.
You have an extremely huge brain. (Int +4)


Message History

You are no longer poisoned.
The warg bites you.
* * * LOW HITPOINT WARNING * * *
You block the warg's attack.
You hit the warg but do no damage.
The warg is lightly wounded.
You hit the warg. The warg barely misses you.
The warg bites you but does no damage.
You hit the warg.
The warg is moderately wounded.
You hit the warg but do no damage. The warg bites you.
* * * LOW HITPOINT WARNING * * *
The warg pauses to sniff the ground.
The warg bites you but does no damage. x2; You block the warg's attack.
You hit the warg.
The warg is heavily wounded.
You completely miss the warg. The warg bites you but does no damage.
The warg barely misses you.
You hit the warg.
The warg is heavily wounded.
You hit the warg. You block the warg's attack. The warg bites you.
* * * LOW HITPOINT WARNING * * *
You hit the warg but do no damage.
The warg is heavily wounded.
You hit the warg. The warg barely misses you. The warg bites you.
* * * LOW HITPOINT WARNING * * *
You slash the warg!
The warg is severely wounded.
You hit the warg. The warg bites you but does no damage.
The warg is engulfed in blazing flames.
The warg barely misses you.
You closely miss the warg.
The warg is almost dead.
You barely miss the warg. You block the warg's attack.
The warg is engulfed in blazing flames.
You kill the warg!
Your life force feels restored.
You barely miss the warg.
The warg is severely wounded.
The warg bites you!
You die...

##........### #.#.#(.#..#...#
..........#### #.#.##.##...###
.............# #.#..#....###..
..........##.# #.##.)..###.#..
.....####....######.#..)###......
###### #..[........#.###......##
# #....##.....#'#....#.###. #
#######....##.....#......###... #
#..........##h@○..##....#.##..# #
#..........#####.####.#....##..
#..........# #.##.##....#.##)
#.........## #.##..##.#..#.##
########### #.###..##......#
#.##....##.#..#. #.##.##..##....#
######## #.####....##.#..
.......# ######.##...##..##...


You could see a warg.

Vanquished Creatures
  Joseph (D:8)
  A hornet (D:8)
  A troll (D:8)
  Grinder (D:3)
  4 yaks (D:8)
  A warg (D:8)
  A water moccasin (D:8)
  2 sky beasts
  An ice beast (D:8)
  An orc warrior (D:8)
  An ogre (D:7)
  3 centaurs
  3 phantoms
  A kobold brigand (D:8)
  4 bullfrogs
  5 scorpions
  5 wights
  15 killer bees
  3 howler monkeys (D:7)
  2 jellies (D:8)
  Crazy Yiuf (D:3)
  A gnoll bouda (D:8)
  3 orc priests
  A hound (D:3)
  Terence (D:3)
  5 iguanas
  7 orc wizards
  14 adders
  9 gnolls
  A shadow imp (D:5)
  2 white imps (D:6)
  2 ufetubi (D:5)
  A worm (D:3)
  2 dart slugs (D:1)
  27 orcs
  6 ball pythons
  6 bats
  8 giant cockroaches
  6 goblins
  9 hobgoblins
  6 jackals
  A quokka (D:3)
  4 frilled lizards
  6 kobolds
  5 rats
190 creatures vanquished.

Vanquished Creatures (others)
  3 withered plants (D:7)
3 creatures vanquished.

Grand Total: 193 creatures vanquished

Notes
Turn   | Place    | Note
-------+----------+-------------------------------------------
     0 | D:1      | hbarley the Demonspawn Fighter began the quest for the Orb.
     0 | D:1      | Reached XP level 1. HP: 18/18 MP: 1/1
    74 | D:1      | Reached skill level 2 in Axes
    97 | D:1      | Gained mutation: You have an unusually large brain. (Int
                  | +2) [demonic ancestry]
    97 | D:1      | Reached XP level 2. HP: 18/24 MP: 2/2
   217 | D:1      | Found a faded altar of an unknown god.
   520 | D:2      | Gained mutation: You sometimes gain a little power by
                  | taking damage. [demonic ancestry]
   520 | D:2      | Reached XP level 3. HP: 8/29 MP: 3/3
  1437 | D:3      | Reached XP level 4. HP: 35/35 MP: 4/4
  1438 | D:3      | Reached skill level 1 in Dodging
  1517 | D:3      | Noticed Terence
  1529 | D:3      | Noticed Grinder
  1530 | D:3      | Killed Terence
  1531 | D:3      | Reached skill level 3 in Axes
  1629 | D:3      | Killed Grinder
  1630 | D:3      | Reached skill level 4 in Axes
  1630 | D:3      | Gained mutation: You sometimes gain power by taking damage.
                  | [demonic ancestry]
  1630 | D:3      | Reached XP level 5. HP: 35/41 MP: 5/5
  1630 | D:3      | Gained mutation: Your demonic aura sometimes causes spilled
                  | blood to erupt in flames. [demonic ancestry]
  1630 | D:3      | Reached XP level 6. HP: 40/47 MP: 6/6
  1691 | D:3      | Found a hazy altar of Hepliaklqana.
  1907 | D:3      | Found a runed translucent door.
  1908 | D:3      | Noticed Crazy Yiuf
  1969 | D:3      | Found a basalt altar of Yredelemnul.
  2146 | D:3      | Found a shimmering altar of Xom.
  2146 | D:3      | Found an iron altar of Okawaru.
  2147 | D:3      | Found a broken altar of Ashenzari.
  2259 | D:3      | Killed Crazy Yiuf
  2368 | D:4      | Found a staircase to the Ecumenical Temple.
  2418 | D:4      | Reached skill level 5 in Axes
  2418 | D:4      | Reached XP level 7. HP: 45/53 MP: 7/7
  2587 | D:4      | Found Saczemo's Assorted Antiques.
  3200 | D:5      | Entered Level 5 of the Dungeon
  4871 | D:6      | Reached skill level 6 in Axes
  4871 | D:6      | Reached XP level 8. HP: 61/61 MP: 8/8
  4878 | D:6      | Identified the +3 dagger of the Grand God {heavy, rCorr
                  | Str+3 Dex-4}
  5244 | D:6      | Found a stormy altar of Qazlal.
  5246 | D:6      | Found a blossoming altar of Fedhas.
  5247 | D:6      | Found a burning altar of Makhleb.
  5548 | D:7      | Found a hide-covered altar of Uskayaw.
  5609 | D:7      | Reached skill level 7 in Axes
  5614 | D:7      | Reached skill level 5 in Fighting
  5614 | D:7      | Reached skill level 5 in Armour
  5723 | D:7      | Reached skill level 5 in Shields
  5903 | D:7      | Found a shimmering blue altar of Sif Muna.
  5923 | D:7      | Gained mutation: You have an extremely huge brain. (Int +4)
                  | [demonic ancestry]
  5923 | D:7      | Reached XP level 9. HP: 66/68 MP: 9/9
  5970 | D:7      | Found Dantan's Book Emporium.
  6011 | D:7      | Found an ancient bone altar of Kikubaaqudgha.
  6516 | D:8      | Found an opulent altar of Gozag.
  6518 | D:8      | Noticed a troll
  6527 | D:8      | Killed a troll
  6534 | D:8      | Reached skill level 8 in Axes
  7072 | D:8      | Identified the +1 leather armour of the Valley {Regen+}
  7088 | D:8      | Reached skill level 9 in Axes
  7221 | D:8      | Noticed Joseph
  7228 | D:8      | Killed Joseph
  7592 | D:8      | Reached XP level 10. HP: 77/77 MP: 10/10
  7943 | D:8      | Reached skill level 1 in Stealth
  8289 | D:9      | Found a sparkling altar of Nemelex Xobeh.
  8314 | D:8      | HP: 3/77 [poisoned by a killer bee]
  8558 | D:8      | Slain by a warg

Illustrated notes

Levels and vault maps discovered:
D:1:      dpeg_arrival_pits, layout_rooms, shapermc_ecumenical_altar_flowoftime
D:2:      layout_loops_cross, grunt_decor_clamped
D:3:      layout_rooms, mainiacjoe_overflow_tiny_flanked,
          mainiacjoe_overflow_concentric_impassable,
          gammafunk_temple_overflow_claw, minmay_misc_feat_diagonals,
          uniq_terence, uniq_grinder, uniq_crazy_yiuf_cottage
D:4:      layout_cave_pools, temple_fountains, serial_shops,
          nicolae_shop_window_shopping, roderic_lattice_a
D:5:      layout_layer_cave
D:6:      layout_cave_pools, chequers_temple_overflow_statue_of_worship,
          grunt_ministairs_13
D:7:      layout_basic, kiku_gazebo_garden_becter, led_sif_pool,
          amcnicky_altar_gilded, serial_shops, nicolae_stop_n_shop_1
D:8:      minmay_razor_zed, layout_basic, mainiacjoe_overflow_cross_hatched,
          uniq_joseph
D:9:      cheibrodos_fzero, layout_long_grid, nemelex_xobeh_ov_fountains_minmay,
          erik_lair_orcish_takeover, uniq_pikel, uniq_maggie

Skill      XL: |  1  2  3  4  5  6  7  8  9 10 |
---------------+-------------------------------+-----
Axes           | 2 4 5 6 7 9 |  9.6
Armour         | 3 4 5 6 |  6.5
Shields        | 3 4 5 6 |  6.3
Dodging        | 1 2 |  2.8
Fighting       | 4 5 6 |  6.8
Stealth        | 1 |  1.0
Evocations     | |  0.1

Action                     |  1- 3 |  4- 6 |  7- 9 | 10-12 || total
---------------------------+-------+-------+-------+-------++-------
  Melee: War axe           |   117 |   134 |   373 |    44 ||   668
         Hand axe          |       |       |       |    54 ||    54
  Evoke: Wand              |       |       |     1 |       ||     1
    Use: Potion            |       |     1 |     8 |     1 ||    10
 Armour: Scale mail        |    76 |    71 |    44 |       ||   191
         Chain mail        |       |       |   195 |    83 ||   278
  Dodge: Dodged            |    49 |    50 |   161 |    71 ||   331
  Block: Buckler           |    55 |    74 |   256 |    84 ||   469
         Reflection        |       |       |     8 |     2 ||    10

Table legend: (Time is in decaauts)
 A = Elapsed time spent in this place.
 B = Non-inter-level travel time spent in this place.
 C = Inter-level travel time spent in this place.
 D = Time resting spent in this place.
 E = Time spent auto-exploring this place.
 F = Levels seen in this place.
 G = Mean time per level.
                   A        B        C        D        E       F      G
               +--------+--------+--------+--------+--------+-----+--------+
         Total |   8721 |   7908 |    813 |   1900 |   4405 |   9 |  969.0 |
       Dungeon |   8721 |   7908 |    813 |   1900 |   4405 |   9 |  969.0 |
               +--------+--------+--------+--------+--------+-----+--------+

Top non-repeatable levels by time:
     D:8: 2050 daAuts
     D:5: 1484 daAuts
     D:2: 1046 daAuts
     D:7: 1013 daAuts
     D:4: 901 daAuts
     D:6: 840 daAuts
     D:3: 834 daAuts
     D:1: 517 daAuts
     D:9: 31 daAuts
